[Event "Vaujany Principal"]
[Site "Vaujany"]
[Date "2012.07.14"]
[Round "3.29"]
[White "Petrone"]
[Black "Hoyer"]
[Result "1-0"]
[ECO "B07"]
[WhiteElo "1930"]
[BlackElo "2031"]
[Annotator "Jean-pierre,LEES"]
[PlyCount "153"]
[SourceDate "2012.07.12"]
[TimeControl "240+2"]

{1024MB, Fritz8.ctg
} 1. e4 d6 2. d4 Nf6 3. Nc3 c6 4. f4 Qa5 5. Nf3 Nxe4 6. Bd2
Nxd2 7. Qxd2 Bg4 8. Be2 Nd7 9. h3 Bxf3 10. Bxf3 g6 11. O-O-O O-O-O 12. Kb1 Kb8
13. Rhe1 e6 14. Ne4 Qc7 15. Ng5 Nb6 16. g3 d5 17. Bg2 Nc4 18. Qc3 a5 19. a3 Bg7
20. Nf3 Nd6 21. Ne5 Nb5 22. Qb3 f6 23. Nf3 Rhe8 24. Bf1 Nd6 25. Nd2 f5 (25...
Nf5 $142 26. Qc3 e5 27. dxe5 fxe5 28. fxe5 Bxe5) 26. Nf3 h6 27. h4 Ne4 28. Ne5
g5 29. Bg2 gxh4 30. gxh4 Nf2 31. Rd2 Ng4 32. h5 Nf6 33. Bf3 Ne4 34. Rg2 Bxe5
35. dxe5 Rg8 36. Bxe4 fxe4 37. Reg1 Rxg2 38. Rxg2 Qf7 39. Qb6 Rf8 40. Rg6 Qc7
41. Qc5 Re8 42. Rxh6 b6 43. Qd6 Qxd6 44. exd6 Kc8 45. Rh7 Rg8 46. Kc1 e3 47.
Kd1 d4 48. h6 Rg1+ 49. Ke2 Rg2+ 50. Kf1 Rf2+ 51. Ke1 Rxc2 52. Rc7+ Kd8 53. h7
Rh2 54. Ra7 Rh1+ 55. Ke2 Rh2+ 56. Kd3 c5 57. h8=Q+ Rxh8 58. Ra8+ Kd7 59. Rxh8
Kxd6 60. Rh5 a4 61. Rg5 Kc6 62. Re5 Kd6 63. Ke4 Kd7 64. Rh5 Kd6 65. Rh7 Kc6 66.
Kd3 Kd6 67. Ra7 c4+ 68. Ke2 b5 69. Rb7 Kc6 70. Rb8 Kc5 71. Rd8 c3 72. Rc8+ Kd5
73. bxc3 b4 74. cxb4 Ke4 75. Rc4 e5 76. fxe5 Kxe5 77. Kd3 1-0

[Event "Vaujany Principal"]
[Site "Vaujany"]
[Date "2012.07.14"]
[Round "3.31"]
[White "Laehnwitz, Alex"]
[Black "Van Foreest, Lucas"]
[Result "1-0"]
[ECO "C30"]
[WhiteElo "2031"]
[BlackElo "1969"]
[Annotator "Jean-pierre,LEES"]
[PlyCount "49"]
[SourceDate "2012.07.12"]
[TimeControl "240+2"]

{1024MB, Fritz8.ctg
} 1. e4 e5 2. Bc4 Nc6 3. Nc3 Nf6 4. d3 Bc5 5. f4 d6 6. Nf3
a6 7. f5 h6 8. Qe2 O-O 9. Bd2 Rb8 10. O-O-O b5 11. Bb3 Nd4 12. Nxd4 Bxd4 13. g4
Bxc3 14. Bxc3 Nh7 15. h4 Qf6 16. g5 hxg5 17. hxg5 Nxg5 18. Bd2 g6 19. Rdg1 Ne6
20. Qh2 Re8 21. fxg6 Kf8 22. gxf7 Rd8 23. Rf1 Nf4 24. Bxf4 exf4 25. Rxf4 1-0

[Event "Vaujany Principal"]
[Site "Vaujany"]
[Date "2012.07.14"]
[Round "3.32"]
[White "Haver, Bas"]
[Black "Devoille, Hugo"]
[Result "1-0"]
[ECO "B49"]
[WhiteElo "2021"]
[BlackElo "1927"]
[Annotator "Jean-pierre,LEES"]
[PlyCount "45"]
[SourceDate "2012.07.12"]
[TimeControl "240+2"]

{1024MB, Fritz8.ctg
} 1. e4 c5 2. Nf3 e6 3. d4 cxd4 4. Nxd4 Nc6 5. Nc3 Qc7 6.
Be2 Nf6 7. O-O a6 8. Be3 Bb4 9. Na4 Be7 10. c4 Nxe4 11. c5 O-O (11... Nxc5 12.
Nxc6 dxc6 13. Bxc5 $18) 12. Rc1 Nf6 13. Nb6 Rb8 14. g3 Rd8 15. Qa4 g6 16. Bf3
Nxd4 17. Bxd4 e5 18. Rfe1 exd4 19. Rxe7 Ne8 20. Qxd4 Ng7 21. Rce1 Ne6 22. Qf6
Rf8 23. R1xe6 1-0

[Event "Vaujany Principal"]
[Site "Vaujany"]
[Date "2012.07.14"]
[Round "3.33"]
[White "Abdesselem, Ahmed"]
[Black "Michel, Stephan"]
[Result "1-0"]
[ECO "B06"]
[WhiteElo "1875"]
[BlackElo "1989"]
[Annotator "Jean-pierre,LEES"]
[PlyCount "101"]
[SourceDate "2012.07.12"]
[TimeControl "240+2"]

{1024MB, Fritz8.ctg
} 1. e4 g6 2. d4 Bg7 3. Nf3 d6 4. Be2 Nd7 5. O-O e5 6. dxe5
dxe5 7. Bg5 Ngf6 8. Nc3 O-O 9. h3 c6 10. a4 Qc7 11. Be3 Rd8 12. Qc1 Nf8 13. a5
Ne6 14. Bc4 Bf8 15. Ng5 Nxg5 16. Bxg5 Be7 17. Rd1 Rd4 18. Bd3 Be6 19. Qe3 Rad8
20. Qf3 Kg7 21. Be3 Bb4 22. Bxd4 exd4 23. Ne2 Bxa5 24. Nf4 Bc8 25. Bc4 b5 26.
Bb3 Bb6 27. g4 Bb7 28. g5 Ne8 29. h4 Nd6 30. h5 Qe7 31. Nh3 Nxe4 32. Re1 c5 33.
h6+ Kf8 34. Qg4 c4 35. Ba2 Re8 (35... d3 36. Rad1 (36. cxd3 Rxd3 37. Rad1 Rxh3
38. Qxh3 Bxf2+ (38... Qxg5+ 39. Kf1) 39. Kf1 Bxe1 40. Rxe1 Qxg5) 36... dxc2 37.
Rc1 Rd3 38. Rxc2 Nxf2 39. Rxe7 Nxg4+ 40. Kf1 Kxe7) 36. f3 d3+ 37. Kg2 d2 $6 38.
Rxe4 Bxe4 39. fxe4 Qb7 (39... Qxe4+ 40. Qxe4 Rxe4 41. Rd1 Re1 42. Rxd2 Ra1 43.
Bxc4 bxc4) 40. Kf3 Qc7 41. Rd1 Rd8 42. Bb1 Qc5 43. Qf4 Qd4 44. c3 Qd7 45. Nf2
b4 46. Ng4 bxc3 47. bxc3 Ba5 48. Qe5 Qa4 49. Ke2 Qa1 50. Nf6 Bxc3 51. Qc5+ 1-0

[Event "Vaujany Principal"]
[Site "Vaujany"]
[Date "2012.07.14"]
[Round "3.34"]
[White "Borderie, David"]
[Black "De Lagontrie, Jean"]
[Result "1-0"]
[ECO "A09"]
[WhiteElo "1986"]
[BlackElo "1868"]
[Annotator "Jean-pierre,LEES"]
[PlyCount "81"]
[SourceDate "2012.07.12"]
[TimeControl "240+2"]

{1024MB, Fritz8.ctg
} 1. Nf3 d5 2. c4 d4 3. b4 g6 4. Bb2 Bg7 5. d3 e5 6. g3 Ne7
7. Bg2 O-O 8. O-O Nd7 9. Nbd2 a5 10. a3 c5 11. Qc2 a4 12. Ne4 Qc7 13. bxc5 Nxc5
14. Nxc5 Qxc5 15. Rfb1 Bd7 16. Ne1 Nc6 17. Bc1 Na5 18. Bxb7 Nxb7 19. Rxb7 Bc6
20. Rbb1 Ra7 21. Bd2 Ba8 22. f3 Re8 23. Rb5 Qc6 24. Rab1 h5 25. R1b4 Qd7 26.
Rb8 Kh7 27. Rxe8 Qxe8 28. Qb1 f5 29. Rb8 Qd7 30. Qb6 Rb7 31. Rxb7 Qxb7 32. Qxb7
Bxb7 33. Nc2 e4 34. fxe4 fxe4 35. Bb4 exd3 36. exd3 Bc8 37. Bd6 Bf5 38. Nb4 Kg8
39. Kf2 Bf8 40. Bxf8 Kxf8 41. Ke2 1-0

[Event "Vaujany Principal"]
[Site "Vaujany"]
[Date "2012.07.15"]
[Round "4.13"]
[White "Viennot, Dylan"]
[Black "Kurayan, Ruslan"]
[Result "1/2-1/2"]
[ECO "B51"]
[WhiteElo "2149"]
[BlackElo "2318"]
[Annotator "Jean-pierre,LEES"]
[PlyCount "77"]
[SourceDate "2012.07.12"]
[TimeControl "240+2"]

{1024MB, Fritz8.ctg
} 1. e4 c5 2. Nf3 d6 3. Bb5+ Nd7 4. d4 Ngf6 5. Nc3 a6 6.
Bxd7+ Nxd7 7. O-O e6 8. a4 b6 9. dxc5 Nxc5 10. b4 Nd7 11. Qd4 Be7 12. Bb2 e5
13. Qd3 O-O 14. Nd2 Nf6 15. f4 a5 16. b5 exf4 17. Rxf4 Ng4 18. Nd5 Bg5 19. Rff1
Be6 20. Nc4 Bxd5 21. exd5 Qc7 22. Qd4 f5 23. Qd3 Rac8 24. Rxf5 Rxf5 25. Qxf5
Qxc4 26. Rf1 Bf6 27. Bxf6 Nxf6 28. Qe6+ Kh8 29. Rxf6 gxf6 30. Qxf6+ Kg8 31.
Qg5+ Kf8 32. Qf6+ Ke8 33. Qe6+ Kf8 34. Qf6+ Kg8 35. Qg5+ Kf7 36. Qf5+ Ke7 37.
Qe5+ Kf8 38. Qf6+ Kg8 39. Qg5+ 1/2-1/2

[Event "Vaujany Principal"]
[Site "Vaujany"]
[Date "2012.07.15"]
[Round "4.15"]
[White "Houard, Sebastien"]
[Black "Meng, Roger"]
[Result "0-1"]
[ECO "B43"]
[WhiteElo "2089"]
[BlackElo "2272"]
[Annotator "Jean-pierre,LEES"]
[PlyCount "68"]
[SourceDate "2012.07.12"]
[TimeControl "240+2"]

{1024MB, Fritz8.ctg
} 1. e4 c5 2. Nf3 e6 3. d4 cxd4 4. Nxd4 a6 5. Nc3 Qc7 6.
Bd3 Nf6 7. O-O Nc6 8. Nxc6 bxc6 9. Qe2 d5 10. Kh1 Be7 11. f4 Bb7 12. f5 e5 13.
b3 h5 14. Bb2 h4 15. Rae1 Bd6 16. Rf3 h3 17. Rxh3 Rxh3 18. gxh3 Ke7 19. Rg1 Rg8
20. Bxa6 Ba8 21. Bd3 Kf8 22. Rg3 Rh8 23. exd5 cxd5 24. Nb5 d4+ 25. Rg2 Qb8 26.
Nxd6 Qxd6 27. Kg1 Bxg2 28. Qxg2 Kg8 29. Bc4 e4 30. Qg3 Qb6 31. Kg2 Rh6 32. Qe5
e3 33. Be2 Qc6+ 34. Kg3 Qxc2 0-1

[Event "Vaujany Principal"]
[Site "Vaujany"]
[Date "2012.07.15"]
[Round "4.16"]
[White "Van Foreest, Jorden"]
[Black "Vledouts, Sacha"]
[Result "1-0"]
[ECO "D36"]
[WhiteElo "2209"]
[BlackElo "2035"]
[Annotator "Jean-pierre,LEES"]
[PlyCount "101"]
[SourceDate "2012.07.12"]
[TimeControl "240+2"]

{1024MB, Fritz8.ctg
} 1. d4 d5 2. c4 e6 3. Nc3 Nf6 4. cxd5 exd5 5. Bg5 Be7 6.
e3 c6 7. Bd3 Nbd7 8. Qc2 Nh5 (8... Nf8 9. Nf3 Ne6 10. Bh4 g6 11. O-O O-O 12.
Rab1 Ng7 13. b4 a6 14. a4 Bf5) (8... O-O 9. Nf3 Re8 10. O-O Nf8) 9. Bxe7 Qxe7
10. Nf3 (10. Nge2 g6 11. O-O-O Nb6 12. Kb1 Bd7 13. Rc1) 10... g6 11. O-O-O Ndf6
12. Ne5 (12. h3 Ng7 13. g4 Be6 14. Kb1 Nd7 15. e4 dxe4 16. Bxe4 Nf6 17. Rhe1
O-O 18. d5 cxd5 19. Bxd5) 12... Be6 13. f4 Ng7 14. Ne2 Ng4 15. Nxg4 Bxg4 16.
Qd2 O-O-O 17. Rde1 h5 18. Nc3 Bf5 19. Na4 Bxd3 20. Qxd3 Nf5 21. Re2 Rhe8 22.
Rhe1 Nd6 23. Rc2 Qe4 24. Qb3 Nf5 25. Nc5 Qe7 26. Rce2 b6 27. Nd3 f6 28. a4 Rd6
29. a5 Qb7 30. Qc3 Rde6 31. Nf2 Kb8 32. h3 c5 (32... Ng3 33. Rd2) 33. dxc5 d4
34. Qc4 bxc5 (34... dxe3 $142 35. Nd1) 35. exd4 Rxe2 36. Rxe2 Rxe2 37. Qxe2
cxd4 38. Qe8+ Qc8+ 39. Qxc8+ Kxc8 40. Kd2 h4 41. Ng4 Kc7 42. Nxf6 Ne3 43. Kd3
Nxg2 44. Nd5+ Kc6 45. Kxd4 Kd6 46. b4 Ne1 47. b5 Nf3+ 48. Ke3 Ng1 49. a6 Nxh3
50. b6 Nxf4 51. Kxf4 1-0

[Event "Vaujany Principal"]
[Site "Vaujany"]
[Date "2012.07.15"]
[Round "4.20"]
[White "Ruecker, Benjamin"]
[Black "Petrone, Gianmario"]
[Result "1/2-1/2"]
[ECO "E63"]
[WhiteElo "2260"]
[BlackElo "1930"]
[Annotator "Jean-pierre,LEES"]
[PlyCount "57"]
[SourceDate "2012.07.12"]
[TimeControl "240+2"]

{1024MB, Fritz8.ctg
} 1. d4 Nf6 2. c4 g6 3. Nc3 Bg7 4. Nf3 O-O 5. g3 d6 6. Bg2
Nc6 7. O-O a6 8. Nd5 (8. h3 Rb8 9. e4 b5 10. e5 dxe5 11. dxe5 Qxd1 12. Rxd1 Nd7
13. e6 fxe6 14. cxb5 axb5) (8. d5 Na5 9. Nd2 c5 10. Qc2 Rb8 11. b3 b5 12. Bb2)
8... Nxd5 9. cxd5 Nb8 10. Be3 c6 11. dxc6 Nxc6 12. Qb3 Rb8 13. h3 Bd7 14. Rac1
Qa5 15. d5 Ne5 16. Nd4 b5 17. Bg5 Rfe8 18. Rfd1 Nc4 19. Rc2 h6 20. Bf4 g5 21.
Be3 Nxe3 22. Qxe3 Bxd4 23. Qxd4 Rbc8 24. Rxc8 Rxc8 25. Qe4 Qa4 26. Rd4 Qa5 27.
Rd1 Qa4 28. Rd4 Qa5 29. Rd1 1/2-1/2

[Event "Vaujany Principal"]
[Site "Vaujany"]
[Date "2012.07.15"]
[Round "4.23"]
[White "Hourlier, Claire"]
[Black "Chauvet, Vincent"]
[Result "0-1"]
[ECO "C55"]
[WhiteElo "1964"]
[BlackElo "2118"]
[Annotator "Jean-pierre,LEES"]
[PlyCount "80"]
[SourceDate "2012.07.12"]
[TimeControl "240+2"]

{1024MB, Fritz8.ctg
} 1. e4 e5 2. Bc4 Nf6 3. d4 exd4 4. Nf3 Nc6 5. Ng5 Ne5 6.
Bb3 h6 7. f4 hxg5 8. fxe5 Nxe4 9. Bd5 (9. Qxd4) 9... Nc5 (9... f5 10. exf6 Nxf6
11. Qd3 Qe7+) 10. O-O Ne6 11. Qf3 Qe7 12. Nd2 g4 13. Qxg4 Qh4 14. Qxh4 Rxh4 15.
Nf3 Rh5 16. g4 Rh7 17. Kg2 Be7 18. g5 g6 19. Bxe6 dxe6 20. Nxd4 Bd7 21. Kg3
O-O-O 22. Be3 Rdh8 23. Nb3 Rh3+ 24. Kf2 Bc6 25. Nd4 Rxh2+ 26. Ke1 Be8 (26...
Bd5 $142) 27. Rd1 c5 28. Nf3 Rg2 29. Rg1 Rxg1+ 30. Nxg1 Bc6 31. Ke2 Rh2+ 32.
Kd3 Rh4 33. c4 Rg4 34. Rf1 Bxg5 35. Bxc5 b6 36. Bd4 Be4+ 37. Kc3 Rg3+ 38. Kb4
Be7+ 39. Kb5 Kb7 40. c5 Bd3+ 0-1

[Event "Vaujany Principal"]
[Site "Vaujany"]
[Date "2012.07.15"]
[Round "4.25"]
[White "Neuhauser, Salome"]
[Black "Haver, Dan"]
[Result "1-0"]
[ECO "B72"]
[WhiteElo "2067"]
[BlackElo "1961"]
[Annotator "Jean-pierre,LEES"]
[PlyCount "65"]
[SourceDate "2012.07.12"]
[TimeControl "240+2"]

{1024MB, Fritz8.ctg
} 1. e4 c5 2. Nf3 d6 3. d4 cxd4 4. Nxd4 Nf6 5. Nc3 g6 6.
Be2 Bg7 7. Be3 O-O 8. Qd2 Nc6 9. O-O-O d5 10. exd5 Nxd5 11. Nxc6 bxc6 12. Nxd5
cxd5 13. Qxd5 Qc7 14. Qxa8 Bf5 15. Qxf8+ Kxf8 16. Rd2 h5 17. h3 Bf6 18. Rhd1
Qb7 19. c3 Qc7 20. Bd3 Be6 21. a3 Qa5 22. Bc2 Kg8 23. Rd8+ Kh7 24. f4 a6 25. a4
Qc7 26. g4 hxg4 27. hxg4 Bxg4 28. Rh1+ Kg7 29. Rhh8 Bxc3 30. bxc3 f6 31. f5 g5
32. Rdg8+ Kf7 33. Bb3+ 1-0

[Event "Vaujany Principal"]
[Site "Vaujany"]
[Date "2012.07.15"]
[Round "4.26"]
[White "Trin, Pierre"]
[Black "Adam, Gyorgy Sr"]
[Result "0-1"]
[ECO "B31"]
[WhiteElo "1838"]
[BlackElo "2066"]
[Annotator "Jean-pierre,LEES"]
[PlyCount "68"]
[SourceDate "2012.07.12"]
[TimeControl "240+2"]

{1024MB, Fritz8.ctg
} 1. e4 c5 2. Nf3 Nc6 3. Bb5 g6 4. Bxc6 dxc6 5. d4 cxd4 6.
Qxd4 Qxd4 7. Nxd4 Bg7 8. c3 Bd7 9. a4 Nf6 10. f3 O-O-O 11. Be3 Kb8 12. O-O h5
13. Na3 Ne8 14. Nc4 e5 15. Nb3 Be6 16. Nba5 Nd6 17. b3 Nxc4 18. bxc4 Kc7 19. c5
b6 20. cxb6+ axb6 21. Rab1 bxa5 22. Bb6+ Kc8 23. Bxa5 (23. Bxd8 Rxd8) 23... Bc4
24. Rf2 Rd3 25. Rfb2 Kd7 26. Rb7+ Ke6 27. Rc7 Kf6 28. Rxc6+ Be6 29. Bb6 Rc8 30.
Rxc8 Bxc8 31. c4 Bh6 32. a5 Ba6 33. Bf2 Bxc4 34. a6 Bxa6 0-1

[Event "Vaujany Principal"]
[Site "Vaujany"]
[Date "2012.07.15"]
[Round "4.27"]
[White "Dubois, Hervé"]
[Black "Soyer, Jean-Yves"]
[Result "0-1"]
[ECO "A15"]
[WhiteElo "1854"]
[BlackElo "2056"]
[Annotator "Jean-pierre,LEES"]
[PlyCount "109"]
[SourceDate "2012.07.12"]
[TimeControl "240+2"]

{1024MB, Fritz8.ctg
} 1. c4 Nf6 2. Nf3 g6 3. g3 Bg7 4. Bg2 O-O 5. O-O d6 6. Nc3
a6 7. b3 c5 8. d4 Nc6 9. Bb2 Bg4 10. dxc5 dxc5 11. h3 Bf5 12. Nh4 Bd7 13. Qd2
Qa5 14. Rfd1 Rfd8 15. Na4 Qc7 16. Qe1 (16. Nxc5 Bxh3 17. Nd3 Bxg2 18. Nxg2 $15)
16... b6 17. Kh2 Rab8 18. Rac1 Nb4 19. Nc3 Bc6 20. a3 Bxg2 21. Nxg2 Nc6 22. Nd5
Nxd5 23. Bxg7 Kxg7 24. cxd5 Ne5 25. Qc3 Kg8 26. f4 Nd7 27. e4 Nf6 28. Qf3 Qb7
29. Ne3 Nd7 30. h4 b5 31. h5 Qb6 32. e5 Rbc8 33. h6 e6 34. dxe6 Qxe6 35. Nd5 f6
36. exf6 Nxf6 37. Nxf6+ Qxf6 38. Qb7 Qb2+ 39. Kh3 Qf6 40. Qe4 Rxd1 41. Rxd1
Qf5+ 42. Qxf5 gxf5 43. g4 fxg4+ 44. Kxg4 c4 45. bxc4 bxc4 46. Rc1 c3 47. Rc2
Kf7 48. Kg5 Rc5+ 49. f5 Rc4 50. a4 a5 51. Kh5 Kf6 52. Re2 c2 53. Re6+ Kf7 54.
Rf6+ Kg8 55. Ra6 0-1

[Event "Vaujany Principal"]
[Site "Vaujany"]
[Date "2012.07.15"]
[Round "4.28"]
[White "Bach, Anatole"]
[Black "Hodot, Yves"]
[Result "1-0"]
[ECO "C05"]
[WhiteElo "2052"]
[BlackElo "1915"]
[Annotator "Jean-pierre,LEES"]
[PlyCount "109"]
[SourceDate "2012.07.12"]
[TimeControl "240+2"]

{1024MB, Fritz8.ctg
} 1. e4 e6 2. d4 d5 3. Nd2 Nf6 4. e5 Nfd7 5. Bd3 c5 6. c3
Nc6 7. Ngf3 b6 (7... Be7 8. O-O) (7... Qb6 8. O-O Be7 (8... cxd4) 9. Re1 cxd4
10. cxd4 a5) 8. O-O cxd4 9. cxd4 Nb4 10. Bb5 a6 11. Ba4 b5 12. Bb3 f6 13. a3
Nc6 14. Re1 fxe5 15. Nxe5 Ndxe5 16. dxe5 Bc5 17. Nf3 Qb6 18. Be3 Bxe3 19. Rxe3
Bd7 20. Rc1 O-O 21. Bxd5 Rad8 (21... exd5 $2 22. Qxd5+ Kh8 23. Qxd7 $18) 22.
Be4 Ne7 23. Rd3 Nd5 24. Bxd5 exd5 25. Rxd5 Bg4 26. Rxd8 Rxd8 27. Qb3+ Be6 28.
Qe3 Qxe3 29. fxe3 Bc4 30. Kf2 h6 31. h4 Rd3 32. Rc2 Rd1 33. Rd2 Rf1+ 34. Kg3 a5
35. Kf4 Kf7 36. Ke4 a4 37. Kd4 Ke6 38. Kc5 Rc1 39. Kb4 Kf5 40. Nd4+ Kxe5 41.
Nxb5 Bxb5 42. Kxb5 Ke4 43. Kxa4 Kxe3 44. Rd7 g5 45. hxg5 hxg5 46. b4 g4 47. b5
Rb1 48. Ka5 g3 49. Rf7 Kd4 50. Rf3 Kc5 51. a4 Re1 52. Rxg3 Re8 53. Rc3+ Kd6 54.
b6 Rb8 55. Kb5 1-0

[Event "Vaujany Principal"]
[Site "Vaujany"]
[Date "2012.07.15"]
[Round "4.29"]
[White "Veys, Vincent"]
[Black "Abdesselem, Ahmed"]
[Result "1-0"]
[ECO "B50"]
[WhiteElo "2048"]
[BlackElo "1875"]
[Annotator "Jean-pierre,LEES"]
[PlyCount "65"]
[SourceDate "2012.07.12"]
[TimeControl "240+2"]

{1024MB, Fritz8.ctg
} 1. e4 c5 2. Nf3 d6 3. c3 Nf6 4. h3 Bd7 5. Bd3 g6 6. O-O
Bg7 7. Re1 Nc6 8. Bc2 O-O 9. d4 cxd4 10. cxd4 Nb4 11. Bb3 Bb5 12. Nc3 Ba6 13.
e5 dxe5 14. dxe5 Ne8 15. Qxd8 Rxd8 16. Bg5 Nc6 17. Nd5 Rd7 18. e6 fxe6 19.
Nxe7+ Rxe7 20. Bxe7 Nxe7 21. Rxe6 Kh8 22. Rxe7 Bxb2 23. Rae1 Ng7 24. Rd1 Bf6
25. Rc7 Ne8 26. Rc8 Bb5 27. Nd4 Bxd4 28. Rxd4 Bc6 29. Bd5 Kg7 30. Bxc6 bxc6 31.
Rdd8 Kf7 32. Rd7+ Ke6 33. Rxa7 1-0

[Event "Vaujany Principal"]
[Site "Vaujany"]
[Date "2012.07.15"]
[Round "4.30"]
[White "Weisz, Jacques"]
[Black "Laehnwitz, Alexander"]
[Result "1-0"]
[ECO "D47"]
[WhiteElo "1809"]
[BlackElo "2031"]
[Annotator "Jean-pierre,LEES"]
[PlyCount "77"]
[SourceDate "2012.07.12"]
[TimeControl "240+2"]

{1024MB, Fritz8.ctg
} 1. d4 d5 2. c4 c6 3. e3 Nf6 4. Nc3 e6 5. Bd3 dxc4 6. Bxc4
Nbd7 7. Nf3 Be7 8. O-O O-O 9. Qe2 a6 10. Rd1 b5 11. Bd3 Qb6 12. e4 c5 13. d5
Bb7 14. Bf4 exd5 15. exd5 Rfe8 16. Qc2 Bd6 17. Bg5 g6 18. Rd2 Qc7 19. Rad1 b4
20. Ne4 Nxe4 21. Bxe4 c4 22. Qb1 Nc5 23. Bc2 Qd7 24. Bf6 b3 25. axb3 cxb3 26.
Bd3 Bf4 27. Re2 Rxe2 (27... Bxd5 28. Rxe8+ Rxe8 29. Bc4 Bxc4 30. Rxd7 Nxd7) 28.
Bxe2 Re8 29. Bc4 Ne4 30. Bd4 Qa4 31. Qd3 Nd6 32. Bxb3 Qb4 33. Bc2 Nb5 34. Bc3
Qc5 35. Ba4 Rd8 36. Bxb5 axb5 37. Qe4 Bh6 38. Qe5 Kf8 39. Re1 1-0

[Event "Vaujany Principal"]
[Site "Vaujany"]
[Date "2012.07.15"]
[Round "4.32"]
[White "N'Guyen, Emilien"]
[Black "Coppola, Federico"]
[Result "1-0"]
[ECO "A70"]
[WhiteElo "2027"]
[BlackElo "1844"]
[Annotator "Jean-pierre,LEES"]
[PlyCount "101"]
[SourceDate "2012.07.12"]
[TimeControl "240+2"]

{1024MB, Fritz8.ctg
} 1. d4 Nf6 2. c4 c5 3. d5 e6 4. Nc3 exd5 5. cxd5 d6 6. e4
g6 7. Bd3 Bg7 8. h3 O-O 9. Nf3 b5 10. Bxb5 (10. Nxb5 Re8 11. O-O Nxe4 12. Re1
a6 13. Na3 Nf6 14. Rxe8+ Nxe8 15. Bg5) 10... Nxe4 11. Nxe4 Qa5+ 12. Nfd2 Qxb5
13. Nxd6 Qa6 14. N2c4 Nd7 15. O-O Ne5 (15... Nb6 16. Nxb6 Qxb6 17. Nxc8 Raxc8 {
est plus frequent - jusau'ici nous avons suivi la theorie...}) 16. Nxe5 (16.
Nxc8 Raxc8 17. Nxe5 Bxe5 18. Re1 Qf6 19. Rb1 Rfd8 20. b3 Bd4) 16... Bxe5 17.
Nxc8 Raxc8 18. Re1 Qd6 (18... Qf6) (18... Rfe8) 19. Qf3 Rfd8 20. Rd1 Bd4 21.
Be3 Qxd5 22. Qxd5 Rxd5 23. Rd2 Rcd8 24. Rad1 $11 f5 25. b4 Re8 26. Kf1 (26.
bxc5 Rxe3 $1 27. Rxd4 Rxd4 28. Rxd4 Rc3) 26... Rde5 27. Bxd4 cxd4 28. Rxd4 Re2
29. Rd8 Re1+ 30. Rxe1 Rxd8 31. Re7 Rb8 32. a3 a6 33. Ra7 Rb6 34. Ke2 Rd6 35.
Ke3 g5 36. Rc7 h6 37. Ra7 Kf8 38. g4 fxg4 39. hxg4 Ke8 40. Ke4 Kd8 41. Kf5 Kc8
42. Rf7 Rd3 43. Kg6 Rxa3 44. Kxh6 Ra4 45. Kxg5 Rxb4 46. f4 a5 47. f5 a4 48. Ra7
Kb8 49. Ra5 Kb7 50. f6 Kb6 51. Ra8 1-0

[Event "Vaujany Principal"]
[Site "Vaujany"]
[Date "2012.07.15"]
[Round "4.33"]
[White "Hoyer, Hans Gerd"]
[Black "Michel, Stephan"]
[Result "1/2-1/2"]
[ECO "A00"]
[WhiteElo "2032"]
[BlackElo "1989"]
[Annotator "Jean-pierre,LEES"]
[PlyCount "98"]
[SourceDate "2012.07.12"]
[TimeControl "240+2"]

{1024MB, Fritz8.ctg
} 1. g3 d5 2. Bg2 e5 3. d3 Be6 4. Nf3 f6 5. c3 Qd7 6. Nbd2
Nc6 7. a3 Nge7 8. e4 Bh3 9. Bxh3 Qxh3 10. Qe2 O-O-O 11. Qf1 Qe6 12. h4 Kb8 13.
b4 Nc8 14. Qh3 Qxh3 15. Rxh3 dxe4 16. dxe4 a5 17. Bb2 Nb6 18. O-O-O g6 19. g4
Rd7 20. Rhh1 Be7 21. Nb3 Rhd8 22. Rxd7 Rxd7 23. Rd1 Rxd1+ 24. Kxd1 Nc4 25. Bc1
Na7 26. Nbd2 Nd6 27. Kc2 axb4 28. axb4 b5 29. Kd3 Nac8 30. Nb3 Nc4 31. g5 N8d6
32. gxf6 Bxf6 33. Nc5 Nb6 34. Bg5 Bxg5 35. Nxg5 h6 36. Nge6 Nf7 37. Na6+ Kc8
38. Naxc7 Kd7 39. Nd5 Kxe6 40. Nxb6 g5 41. hxg5 Nxg5 42. Nd5 h5 43. f4 exf4 44.
Nxf4+ Ke5 45. Nxh5 Nxe4 46. c4 bxc4+ 47. Kxc4 Kd6 48. Nf4 Kc6 49. b5+ Kb7
1/2-1/2

[Event "Vaujany Principal"]
[Site "Vaujany"]
[Date "2012.07.15"]
[Round "4.34"]
[White "Van Foreest, Lucas"]
[Black "Devoille, Hugo"]
[Result "1/2-1/2"]
[ECO "D16"]
[WhiteElo "1969"]
[BlackElo "1927"]
[Annotator "Jean-pierre,LEES"]
[PlyCount "118"]
[SourceDate "2012.07.12"]
[TimeControl "240+2"]

{1024MB, Fritz8.ctg
} 1. d4 d5 2. c4 c6 3. Nc3 Nf6 4. Nf3 dxc4 5. a4 Na6 $5 6.
e4 Bg4 7. Be3 (7. Bxc4 e6 8. Be3) 7... e6 (7... Qa5 $142 8. Qd2 Bxf3 9. gxf3 e5
10. dxe5 Rd8 11. Qc1 Nd7 12. f4 Ndc5 13. Bxc4) 8. Bxc4 Nb4 9. O-O Be7 10. Qe2 (
10. Qd2 O-O 11. Rfd1 Rc8 12. Bf4 Re8 13. Bb3 h6 14. Be3) 10... O-O 11. Rfd1 Rc8
12. Rd2 Qa5 13. h3 Bh5 14. Rad1 Rfd8 15. Bf4 Re8 16. Bb3 h6 17. Be3 Rcd8 18.
Bf4 a6 19. Be5 Nd7 20. Bh2 Bg5 21. g4 Bxd2 22. Nxd2 Bg6 23. Nc4 Qg5 24. Nd6 Rf8
25. Nxb7 Ra8 26. Bd6 Rfe8 27. f4 Qh4 28. Kg2 Nf6 29. Na5 Rec8 30. Nc4 a5 31.
Nb6 Re8 32. Nxa8 Rxa8 33. f5 exf5 34. exf5 Re8 35. Qf2 Qxf2+ 36. Kxf2 Bh7 37.
Bc7 Ra8 38. Be5 Nd7 39. Ne4 g6 40. Nd6 Nd5 41. Rc1 Rb8 42. Bxd5 cxd5 43. fxg6
Bxg6 44. Nb5 Nxe5 45. dxe5 Bd3 46. Rc5 Be4 47. Ke3 Bg2 48. h4 Bh3 49. Rxd5 Bxg4
50. Rd6 h5 51. Ra6 Bd1 52. Nc3 Bg4 53. Rxa5 Rxb2 54. Kf4 Rf2+ 55. Ke4 Rh2 56.
Nd5 Rxh4 57. Nf6+ Kg7 58. Kf4 Bd1+ 59. Kg5 Rxa4 {60 Txa4 Fxa4 61 Cxh5+ Rf8 62
Rf6 ou 60 Td5 Ff3 61 Td8 laissent encore des possibilites aux blancs} 1/2-1/2

[Event "Vaujany Principal"]
[Site "Vaujany"]
[Date "2012.07.16"]
[Round "5.17"]
[White "Kormos, Adam"]
[Black "Adam, Gyorgy Sr"]
[Result "1-0"]
[ECO "B31"]
[WhiteElo "2193"]
[BlackElo "2066"]
[Annotator "Jean-pierre,LEES"]
[PlyCount "81"]
[SourceDate "2012.07.12"]
[TimeControl "240+2"]

{1024MB, Fritz8.ctg
} 1. e4 c5 2. Nf3 Nc6 3. Bb5 g6 4. O-O Bg7 5. c3 Nf6 6. Qe2
O-O 7. e5 Ne8 8. d4 cxd4 9. cxd4 a6 10. Ba4 d5 11. Nc3 Nc7 12. Bxc6 bxc6 13.
Na4 Bg4 14. h3 Bxf3 15. gxf3 Ne6 16. Rd1 Qc7 17. Be3 Qa5 18. Qc2 Rab8 19. f4
Rb4 20. b3 Bh6 21. Qxc6 Bxf4 22. Rac1 Qb5 23. Qxb5 axb5 24. Nc3 Rd8 25. Rb1
Bxe5 26. dxe5 Rh4 27. Rxd5 Rc8 28. Nxb5 Rxh3 29. Rc1 Ra8 30. a4 Kg7 31. Nc7
Nxc7 32. Rxc7 Rb8 33. Rdd7 Rxb3 34. Rxe7 Rf3 35. e6 g5 36. Rxf7+ Rxf7 37. Rxf7+
Kg6 38. a5 Ra3 39. Ra7 Kf6 40. e7 Kf7 41. Kg2 1-0

[Event "Vaujany Principal"]
[Site "Vaujany"]
[Date "2012.07.16"]
[Round "5.18"]
[White "Delorme, Laurie"]
[Black "Bach, Anatole"]
[Result "1-0"]
[ECO "A57"]
[WhiteElo "2171"]
[BlackElo "2052"]
[Annotator "Jean-pierre,LEES"]
[PlyCount "89"]
[SourceDate "2012.07.12"]
[TimeControl "240+2"]

{1024MB, Fritz8.ctg
} 1. d4 Nf6 2. c4 c5 3. d5 b5 4. Nf3 g6 (4... bxc4 5. Nc3
d6 6. e4 g6 7. Bxc4 Bg7 8. e5 dxe5 9. Nxe5 O-O 10. O-O Nfd7 11. Nxf7 Rxf7 12.
d6 Nb6 13. Bxf7+ Kxf7 14. Nd5 Bb7 15. Nxe7 Be5 16. Qb3+ c4 17. Qh3) 5. Nc3 b4
6. Nb1 d6 7. a3 Qa5 8. Nbd2 Bg7 9. e4 Na6 10. Bd3 O-O 11. O-O Nd7 12. Nb3 Qb6
13. a4 Bb7 14. Qc2 Rae8 15. Be3 Nab8 16. h3 Qd8 17. Qd2 e5 18. Qc2 Qe7 19. Nfd2
Bc8 20. Be2 f5 21. exf5 gxf5 22. Bh5 f4 23. Bxe8 Rxe8 24. Bxc5 Nxc5 25. Nxc5
dxc5 26. Rfe1 Qg5 (26... Qf8 {suivi de Ff5}) 27. Ne4 Qg6 28. Qd3 Bf5 29. d6
Bxe4 (29... Kh8 30. Kh2 Nd7 31. Qf3 Bxe4 32. Qxe4 Qxd6 33. Rad1 Qc7) 30. Rxe4
Qf7 31. Rd1 Rd8 32. Qf3 Nc6 33. Rd5 Nd4 34. Qg4 Qf5 $6 (34... h5 35. Qg5 Ne6)
35. Rdxe5 Qxg4 36. Re8+ Kf7 37. R8e7+ (37. R4e7+ $142 Kg6 38. hxg4 Rxe8 39.
Rxe8 Bf6 40. d7 Nc6 41. Rc8 Nd8 42. b3 Kf7 43. Rxc5) 37... Kg6 38. hxg4 Rxd6
39. Rxa7 Re6 $2 (39... Nc6 $142 40. Ra6 Bxb2 41. Re8 Kf7 42. Re4) 40. Rxe6+
Nxe6 41. Ra6 Kf7 42. a5 Be5 43. Ra7+ Nc7 44. a6 Kg6 45. Rxc7 1-0